 Dungeon Crawl Stone Soup version 0.28-a0-48-gfd831c5874 (webtiles) character file.

Game seed: 13796005980667889318

20314 puppykicker the Grappler (level 12, -5/93 HPs)
             Began as a Ghoul Arcane Marksman on July 30, 2021.
             Was an Elder of Hepliaklqana.
             Slain by a sixfirhy (12 damage)
             ... in a Gauntlet.
             The game lasted 00:46:07 (12725 turns).

puppykicker the Grappler (Ghoul Arcane Marksman)   Turns: 12725, Time: 00:46:07

Health: -5/93      AC: 13    Str: 18    XL:     12   Next: 78%
Magic:  12/12      EV: 12    Int: 12    God:    Hepliaklqana [****..]
Gold:   1242       SH:  0    Dex: 15    Spells: 13/13 levels left

rFire   . . .      SeeInvis .   a - +5 hand crossbow (venom)
rCold   + . .      Faith    .   s - +0 buckler
rNeg    + + +      Spirit   .   I - +1 acid dragon scales
rPois   ∞          Reflect  .   j - +0 helmet
rElec   .          Harm     .   k - +2 cloak of Lifelessness {Will+ rCorr Str+3 Slay+3}
rCorr   +          Rampage  .   (no gloves)
Will    +....      NoTele   +   (no boots)
Stlth   +.........              v - amulet of the acrobat
HPRegen 0.00/turn               m - +6 ring of dexterity
MPRegen 0.13/turn               x - +4 ring of evasion

@: held, inhibited regen, studying Dodging
A: reduced essence, claws 1, cold resistance 1, negative energy resistance 3,
inhibited regeneration, torment resistance 2
a: Renounce Religion, Recall Ancestor, Ancestor Identity, Transference, Idealise


You were in a Gauntlet.
You worshipped Hepliaklqana.
Hepliaklqana was greatly pleased with you.
You visited 2 branches of the dungeon, and saw 14 of its levels.
You also visited: Ossuary and Gauntlet.

You collected 2139 gold pieces.
You spent 897 gold pieces at shops.

Inventory:

Hand Weapons
 a - a +5 hand crossbow of venom (weapon)
Missiles
 d - 3 javelins
 H - 2 curare-tipped darts
 Q - 133 bolts (quivered ammo)
Armour
 j - a +0 helmet (worn)
 k - the +2 cloak of Lifelessness (worn) {Will+ rCorr Str+3 Slay+3}
   (You found it on level 6 of the Dungeon)

   Str:       It affects your strength (+3).
   Slay:      It affects your accuracy & damage with ranged weapons and melee
   (+3).
   rCorr:     It protects you from acid and corrosion.
   Will:      It increases your willpower.
 p - a +2 kite shield
 s - a +0 buckler (worn)
 I - +1 acid dragon scales (worn)
Jewellery
 m - a +6 ring of dexterity (left claw)
 v - an amulet of the acrobat (around neck)
 x - a +4 ring of evasion (right claw)
 F - a ring of protection from fire
 G - an amulet of guardian spirit {Spirit}
Wands
 l - a wand of iceblast (3)
 n - a wand of polymorph (13)
 q - a wand of acid (5)
 y - a wand of charming (8)
 D - a wand of digging (12)
Scrolls
 e - 5 scrolls of fear
 g - a scroll of fog {unknown}
 o - 5 scrolls of magic mapping {!r}
 t - 2 scrolls of teleportation
 B - a scroll of immolation {!r}
 E - 5 scrolls of amnesia
Potions
 b - 6 potions of haste
 c - a potion of brilliance
 f - 6 potions of heal wounds
 h - 2 potions of flight {unknown}
 r - 7 potions of curing {unknown}
 u - a potion of resistance
 w - 4 potions of invisibility
 z - 2 potions of attraction {!q}
 A - 3 potions of might
 C - 2 potions of cancellation
 K - 2 potions of ambrosia {unknown}


   Skills:
 + Level 9.0 Fighting
 + Level 8.0 Crossbows
 + Level 7.7 Armour
 + Level 10.0 Dodging
 - Level 4.0 Shields
 * Level 13.0 Unarmed Combat
 - Level 1.0 Spellcasting
 - Level 2.4 Hexes


You had 13 spell levels left.
You didn't know any spells.
Your spell library contained the following spells:

 Spells                   Type           Power      Damage    Failure   Level
 Corona                   Hex            6%         N/A       14%         1
 Slow                     Hex            6%         N/A       22%         2
 Foxfire                  Conj/Fire      0%         2x1d4     36%         1
 Summon Small Mammal      Summ           0%         N/A       36%         1
 Passwall                 Tmut/Erth      0%         N/A       50%         2
 Inner Flame              Hex/Fire       3%         N/A       56%         3
 Portal Projectile        Hex/Tloc       6%         N/A       56%         3
 Summon Guardian Golem    Hex/Summ       3%         N/A       56%         3
 Call Canine Familiar     Summ           0%         N/A       75%         3
 Conjure Flame            Conj/Fire      0%         6-21      75%         3
 Swiftness                Air            0%         N/A       75%         3
 Cause Fear               Hex            3%         N/A       82%         4
 Fulminant Prism          Conj/Hex       1%         3d6       93%         4
 Animate Armour           Summ/Erth      0%         N/A       98%         4
 Iskenderun's Mystic Bla  Conj/Tloc      0%         2d3       98%         4
 Lee's Rapid Deconstruct  Erth           0%         3d5*      100%        5
 Invisibility             Hex            3%         N/A       100%        6
 Iron Shot                Conj/Erth      0%         9d1       100%        6
 Discord                  Hex            3%         N/A       100%        8
 Blade Hands              Tmut           Unusable   N/A       N/A         5

Dungeon Overview and Level Annotations

Branches:
Dungeon (13/15)            Temple (1/1) D:6            Lair (0/6) D:9
    Orc (0/2) D:11        Ossuary (visited)         Gauntlet (1/1)
 Vaults: D:13-14

Altars:
Ashenzari
Cheibriados
Dithmenos
Elyvilon
Fedhas
Gozag
Hepliaklqana
Kikubaaqudgha
Makhleb
Nemelex Xobeh
Okawaru
Qazlal
Ru
Sif Muna
Trog
Uskayaw
Vehumet
Wu Jian
Xom
Yredelemnul
Zin
The Shining One

Shops:
D:12 *

Annotations:
Gauntlet 11 transporters, 1 runed translucent door


Innate Abilities, Weirdness & Mutations

Your life essence is reduced to manifest your ancestor. (-10% HP)
You thrive by killing the living.
You are immune to poison.
You have sharp fingernails.
Your flesh is cold resistant. (rC+)
You are immune to negative energy. (rN+++)
You do not regenerate when monsters are visible.
You are immune to unholy pain and torment.


Message History

The sixfirhy hits you. The sixfirhy shocks you!
The sixfirhy completely misses you. The sixfirhy closely misses you.
There is an open translucent door here.
You take 14 damage, and have 79/93 hp.
You shoot a bolt.
The bolt hits the sixfirhy but does no damage.
The sixfirhy is poisoned.
The sixfirhy completely misses you. The sixfirhy misses you.
You shoot a bolt. The bolt hits the sixfirhy!
The sixfirhy looks as sick as possible!
The sixfirhy drops a net on you.
You become entangled in the net!
You are held in a net!
You are held in a net!
Unknown command.
You struggle against the net.
The sixfirhy hits you but does no damage.
The sixfirhy barely misses you.
You struggle against the net.
The sixfirhy hits you but does no damage.
The sixfirhy barely misses you. The sixfirhy hits you! The sixfirhy shocks you!
The sixfirhy misses you. The sixfirhy barely misses you. The sixfirhy hits you.
The sixfirhy shocks you!
* * * LOW HITPOINT WARNING * * *
The sixfirhy hits you!
* * * LOW HITPOINT WARNING * * *
The sixfirhy shocks you!
* * * LOW HITPOINT WARNING * * *
The sixfirhy hits you but does no damage.
You take 58 damage, and have 21/93 hp.
MASSIVE DAMAGE!!
You struggle against the net.
The sixfirhy hits you but does no damage.
The sixfirhy hits you.
* * * LOW HITPOINT WARNING * * *
The sixfirhy shocks you!
* * * LOW HITPOINT WARNING * * *
The sixfirhy hits you.
* * * LOW HITPOINT WARNING * * *
The sixfirhy shocks you!
You die...

...#........#.©.#......##
.©.#....8...#.8.#...8.##
#######.....#.©.#.....≈#
.©.#(}#...#########...##
#.#..##...#^)$©.[.#...≈#
.#..#^#...#.#####.#...##
.^x#xX#...#.#≈≈≈#.#...≈#
#.#..##.8.#.#.©.#.#.8.##
.#..#x#...#.+..R@3#...≈#
.©.#.x#...#.#####3#...##
#.#..X#...#......^#...≈#
.#...X#...#########...##
#######.......©.......§#
.©......8.....8.....8.##
.8..∩...........§.§§§.≈#
........#§#≈#≈#≈#≈#§#≈##
≈#≈#≈#≈################


You could see the friendly your gay dad the knight and 2 sixfirhies.

Levels and vault maps discovered:
D:1:      minmay_arrival_four_loops, layout_basic,
          ebering_ecumenical_altar_petrified, minmay_small_reverse_x
D:2:      layout_basic, uniq_terence
D:3:      layout_rooms, hangedman_decor_diamond_cutter, minmay_joined_circles,
          uniq_grinder, uniq_robin
D:4:      layout_gridville, fedhas_ov_isle_minmay, wad_floor_pattern_2
D:5:      layout_basic, mainiacjoe_overflow_catwalk,
          nicolae_ossuary_entry_ruins, uniq_eustachio
D:6:      layout_basic, kennysheep_mini_moat, lemuel_doored_altar,
          minmay_temple_entry_junction_2
D:7:      layout_rooms, lemuel_round_altar, zin_treasury,
          kiku_gazebo_garden_becter
D:8:      lemuel_castle_with_subvaults [lemuel_castle_interior_carwin_1],
          layout_basic, nicolae_overflow_hidden_temple, old_standard_altar,
          due_unseen_surprise
D:9:      layout_layer_cave, makhleb_altar_promises_db, david_lair_generic
D:10:     layout_basic, chequers_hall_statues_y, glass_columns_a
D:11:     layout_roguey, orc_0_dummy, grunt_livestock
D:12:     layout_stronghold, serial_shops, shop, small_statue_alley_a
D:13:     layout_irregular_city, ximxim_vaults_locker_room,
          gauntlet_entry_generic
Temple:   jpeg_temple_island
Gauntlet: minmay_gauntlet_mixed_oops_all_seconds
          [minmay_gauntlet_arena_77_shame_cube,
          gammafunk_gauntlet_arena_arrow_garden, minmay_gauntlet_arena_77_fan,
          nicolae_gauntlet_arena_blocks, minmay_gauntlet_arena_77_mess,
          gammafunk_gauntlet_arena_chambers, gauntlet_exit_hidden_loot]

Notes
Turn   | Place    | Note
-------+----------+-------------------------------------------
     0 | D:1      | puppykicker the Ghoul Arcane Marksman began the quest for
                  | the Orb.
     0 | D:1      | Reached XP level 1. HP: 16/16 MP: 1/1
    73 | D:1      | Identified a +0 short sword
    81 | D:1      | Reached skill level 1 in Unarmed Combat
   136 | D:1      | Identified a +0 dagger
   137 | D:1      | Identified a +0 hand crossbow
   139 | D:1      | Reached XP level 2. HP: 17/23 MP: 2/2
   140 | D:1      | Reached skill level 2 in Crossbows
   157 | D:1      | Identified a +0 club
   377 | D:1      | Identified a +0 cloak
   602 | D:1      | Identified a +0 leather armour
   696 | D:1      | Reached XP level 3. HP: 29/29 MP: 3/3
   867 | D:1      | Found a faded altar of an unknown god.
   874 | D:1      | Identified a +0 dagger
   886 | D:1      | Reached skill level 2 in Unarmed Combat
  1190 | D:2      | Reached skill level 2 in Fighting
  1257 | D:2      | Identified a +0 dagger
  1422 | D:2      | Identified a +0 helmet
  1509 | D:2      | Identified 3 scrolls of enchant weapon
  1559 | D:2      | Identified a +1 vorpal hand axe
  1559 | D:2      | Identified a +0 chain mail
  1559 | D:2      | Noticed Terence
  1577 | D:2      | Killed Terence
  1578 | D:2      | Reached XP level 4. HP: 14/37 MP: 4/4
  1795 | D:2      | Identified a +6 ring of dexterity
  1823 | D:2      | Identified a +0 dagger
  2044 | D:2      | Identified a +0 leather armour
  2151 | D:2      | Identified a +0 trident
  2206 | D:3      | Identified a +0 dagger
  2207 | D:3      | Identified a +0 club
  2209 | D:3      | Reached skill level 3 in Unarmed Combat
  2262 | D:3      | Identified a +0 club
  2373 | D:3      | Identified a +0 club
  2373 | D:3      | Identified a +0 dagger
  2375 | D:3      | Identified a +0 short sword
  2375 | D:3      | Identified a +0 animal skin
  2375 | D:3      | Identified a +0 helmet
  2375 | D:3      | Noticed Robin
  2377 | D:3      | Identified a +0 club
  2379 | D:3      | Identified a +0 dagger
  2607 | D:3      | Identified a +0 dagger
  2607 | D:3      | Identified a +0 club
  2625 | D:2      | Killed Robin
  2626 | D:2      | Reached XP level 5. HP: 25/42 MP: 5/5
  2755 | D:3      | Identified a +0 club
  2785 | D:3      | Identified a +0 club
  2846 | D:3      | Identified a +1 leather armour of fire resistance
  2999 | D:3      | Identified a +0 ring mail
  3000 | D:3      | Identified a +0 battleaxe
  3000 | D:3      | Identified a +0 plate armour
  3000 | D:3      | Noticed an orc warrior
  3003 | D:3      | Killed an orc warrior
  3004 | D:3      | Reached skill level 3 in Fighting
  3004 | D:3      | Reached skill level 3 in Crossbows
  3004 | D:3      | Reached skill level 4 in Unarmed Combat
  3004 | D:3      | Reached XP level 6. HP: 41/51 MP: 6/6
  3117 | D:3      | Identified a +0 trident (You took it off an orc on level 3
                  | of the Dungeon)
  3122 | D:3      | Identified 2 scrolls of identify
  3122 | D:3      | Identified a potion of brilliance
  3123 | D:3      | Identified 2 potions of heal wounds
  3235 | D:3      | Noticed Grinder
  3236 | D:3      | Paralysed by Grinder for 5 turns
  3250 | D:3      | Killed Grinder
  3251 | D:3      | Reached skill level 4 in Fighting
  3251 | D:3      | Reached skill level 5 in Unarmed Combat
  3251 | D:3      | Reached XP level 7. HP: 58/59 MP: 7/7
  3312 | D:3      | Identified a +0 dagger
  3340 | D:4      | Found a blossoming altar of Fedhas.
  3341 | D:4      | Identified a +0 spear
  3341 | D:4      | Identified a +0 dagger
  3341 | D:4      | Identified a +3 whip of venom
  3342 | D:4      | Identified a +0 spear
  3342 | D:4      | Identified a +0 halberd
  3342 | D:4      | Identified a +0 dagger
  3690 | D:4      | Identified a +0 club
  3726 | D:4      | Identified a +0 club
  3750 | D:4      | Identified a +0 club
  3792 | D:4      | Identified a +0 dagger
  3792 | D:4      | Identified a +0 hunting sling
  3825 | D:4      | Identified a +0 buckler
  3837 | D:4      | Identified a +3 ring mail
  3875 | D:4      | Reached skill level 6 in Unarmed Combat
  3892 | D:4      | Identified a +0 short sword
  3948 | D:4      | Identified 3 scrolls of fear
  4360 | D:4      | Reached skill level 1 in Armour
  4360 | D:4      | Reached skill level 1 in Shields
  4454 | D:5      | Entered Level 5 of the Dungeon
  4493 | D:5      | Identified a +0 falchion of freezing
  4493 | D:5      | Identified a +0 leather armour
  4493 | D:5      | Noticed Eustachio
  4502 | D:5      | Killed Eustachio
  4503 | D:5      | Reached skill level 2 in Armour
  4503 | D:5      | Reached XP level 8. HP: 66/66 MP: 8/8
  4512 | D:5      | Identified a +0 quarterstaff
  4518 | D:5      | Found a basalt altar of Yredelemnul.
  4531 | D:5      | Found a sand-covered staircase.
  4531 | D:5      | Identified a +0 robe
  4548 | D:5      | Identified an amulet of the acrobat
  4564 | Ossuary  | Entered an ossuary
  4632 | Ossuary  | Reached skill level 2 in Shields
  4875 | Ossuary  | Noticed Menkaure
  4882 | Ossuary  | Killed Menkaure
  5118 | Ossuary  | Identified a potion of resistance
  5119 | Ossuary  | Identified 2 potions of lignification
  5165 | D:5      | Reached skill level 3 in Armour
  5165 | D:5      | Reached skill level 3 in Shields
  5292 | D:5      | Identified 2 scrolls of immolation
  5293 | D:5      | Identified a scroll of acquirement
  5293 | D:5      | Acquired a manual of Dodging
  5295 | D:5      | Identified 2 scrolls of magic mapping
  5302 | D:5      | Identified a +0 dagger
  5302 | D:5      | Identified a +0 robe
  5302 | D:5      | Identified a +0 short sword
  5302 | D:5      | Identified a +0 ring mail
  5303 | D:5      | Identified a +0 war axe
  5303 | D:5      | Identified a +0 chain mail
  5303 | D:5      | Identified a +0 short sword
  5323 | D:5      | Reached skill level 2 in Dodging
  5335 | D:5      | Reached skill level 4 in Crossbows
  5405 | D:5      | Identified a +0 scale mail
  5440 | D:5      | Identified a +0 club
  5440 | D:5      | Identified a +0 leather armour
  5523 | D:5      | Identified a +0 scale mail
  5620 | D:5      | Identified a +0 giant club
  5630 | D:5      | Reached skill level 4 in Armour
  5630 | D:5      | Reached skill level 4 in Shields
  5721 | D:6      | Found a staircase to the Ecumenical Temple.
  5726 | D:6      | Reached skill level 7 in Unarmed Combat
  5726 | D:6      | Reached XP level 9. HP: 69/72 MP: 9/9
  5786 | Temple   | Entered the Ecumenical Temple
  5903 | D:6      | Identified a +0 chain mail
  5911 | D:6      | Identified a +0 battleaxe
  5911 | D:6      | Identified a +0 robe
  5912 | D:6      | Identified a +0 scimitar
  5912 | D:6      | Identified a +0 robe
  5912 | D:6      | Identified a +0 great sword
  5912 | D:6      | Identified a +0 robe
  5913 | D:6      | Identified a +3 great sword
  5913 | D:6      | Identified a +0 robe
  5928 | D:6      | Reached skill level 3 in Dodging
  5946 | D:6      | HP: 17/72 [wight (2)]
  5948 | D:6      | HP: 8/72 [wight (9)]
  5951 | D:6      | Identified a +0 hand axe
  5951 | D:6      | Identified a +0 robe
  6251 | D:6      | Identified a scroll of enchant armour
  6252 | D:6      | Identified a scroll of torment
  6253 | D:6      | Identified a scroll of amnesia
  6254 | D:6      | Identified a scroll of summoning
  6254 | D:6      | Identified a +0 giant club
  6257 | D:6      | Identified a +0 mace
  6269 | D:6      | Identified a ring of magical power
  6284 | D:6      | Identified a +0 giant club
  6324 | D:6      | Identified a scroll of brand weapon
  6366 | D:6      | Identified the +2 cloak of Lifelessness {Will+ rCorr Str+3
                  | Slay+3}
  6388 | D:6      | Found a shimmering blue altar of Sif Muna.
  6396 | D:6      | Identified a +0 dagger
  6396 | D:6      | Identified a +0 robe
  6396 | D:6      | Identified a +0 mace
  6397 | D:6      | Identified a +0 dagger
  6397 | D:6      | Identified a +0 robe
  6397 | D:6      | Identified a +0 flail
  6555 | D:6      | Identified a +0 club
  6654 | D:7      | Identified a +0 club
  6654 | D:7      | Identified a +0 falchion
  6655 | D:7      | Identified a +2 whip of electrocution
  6655 | D:7      | Identified a +0 short sword
  6660 | D:7      | Identified a +0 whip
  6674 | D:7      | Identified a +0 whip
  6674 | D:7      | Identified a +0 ring mail
  6723 | D:7      | Identified a +4 ring of evasion
  6738 | D:7      | Reached skill level 4 in Dodging
  6738 | D:7      | Reached skill level 8 in Unarmed Combat
  6753 | D:7      | Identified a potion of degeneration
  6799 | D:7      | Acquired 1159 gold pieces
  6803 | D:7      | Identified a +0 falchion
  6803 | D:7      | Identified a +0 robe
  6805 | D:7      | Identified a +0 mace
  6805 | D:7      | Identified a +0 robe
  6805 | D:7      | Identified a +0 dire flail
  6805 | D:7      | Identified a +0 robe
  6809 | D:7      | Identified a +0 scimitar
  6809 | D:7      | Identified a +0 robe
  6815 | D:7      | Identified a +0 hand axe
  6815 | D:7      | Identified a +0 leather armour
  6815 | D:7      | Identified a +0 hand axe
  6815 | D:7      | Identified a +0 leather armour
  6815 | D:7      | Identified a +2 dagger of venom
  6815 | D:7      | Identified a +0 scale mail
  6816 | D:7      | Identified a +1 battleaxe of freezing
  6816 | D:7      | Identified a +0 plate armour
  6842 | D:7      | Reached skill level 5 in Crossbows
  6844 | D:7      | Reached skill level 5 in Fighting
  6990 | D:7      | Found an ancient bone altar of Kikubaaqudgha.
  7049 | D:7      | Found a hazy altar of Hepliaklqana.
  7060 | D:7      | Became a worshipper of Hepliaklqana the Forgotten
  7127 | D:7      | Identified a +0 dagger
  7127 | D:7      | Identified a +0 robe
  7132 | D:7      | Identified a +0 dagger
  7132 | D:7      | Identified a +0 robe
  7132 | D:7      | Identified a +0 short sword
  7132 | D:7      | Identified a +0 flail
  7132 | D:7      | Identified a +0 club
  7132 | D:7      | Identified a +0 chain mail
  7178 | D:7      | Identified a +0 spear
  7196 | D:7      | Identified a +0 club
  7196 | D:7      | Identified a +0 ring mail
  7196 | D:7      | Identified a +0 mace
  7196 | D:7      | Identified a +0 scale mail
  7196 | D:7      | Identified a +0 dagger
  7196 | D:7      | Identified a +0 whip
  7331 | D:7      | Identified a +0 robe
  7397 | D:8      | Identified an amulet of guardian spirit
  7402 | D:8      | Identified a +0 club
  7402 | D:8      | Identified a +0 scale mail
  7417 | D:8      | Identified a +0 scale mail
  7459 | D:8      | Identified a +0 whip
  7469 | D:8      | Reached skill level 5 in Dodging
  7469 | D:8      | Identified a +0 helmet
  7479 | D:8      | Identified a scroll of teleportation
  7481 | D:8      | Identified a +0 dagger
  7481 | D:8      | Identified a +0 giant club
  7482 | D:8      | Identified a +0 spear
  7494 | D:8      | Identified a +0 giant club
  7499 | D:8      | Identified a +0 trident
  7499 | D:8      | Identified a +0 spear
  7499 | D:8      | Identified a +0 ring mail
  7499 | D:8      | Identified a +2 kite shield
  7513 | D:8      | Identified a +0 dagger
  7513 | D:8      | Identified a +0 robe
  7514 | D:8      | Identified a +0 club
  7516 | D:8      | Identified a +0 whip
  7516 | D:8      | Identified a +0 robe
  7520 | D:8      | Identified a +1 vampiric dagger
  7520 | D:8      | Identified a +0 robe
  7534 | D:8      | Identified a +0 giant spiked club
  7542 | D:8      | Reached skill level 9 in Unarmed Combat
  7542 | D:8      | Reached XP level 10. HP: 49/81 MP: 10/10
  7555 | D:8      | Identified a +0 whip
  7557 | D:8      | Identified a +0 whip
  7561 | D:8      | Identified a +0 club
  7564 | D:8      | Identified a +0 rapier
  7564 | D:8      | Identified a +0 robe
  7602 | D:8      | Found a hide-covered altar of Uskayaw.
  7760 | D:8      | Identified a +0 giant club
  7766 | D:8      | Identified a +0 club
  7768 | D:8      | Identified a +0 club
  7789 | D:8      | Identified a +0 falchion
  7789 | D:8      | Identified a +0 leather armour
  7837 | D:8      | Identified a +0 flail
  7856 | D:8      | Identified a +0 flail
  7857 | D:8      | Identified a +0 whip
  7858 | D:8      | Identified a +0 giant spiked club
  7859 | D:8      | Identified a +0 club
  7946 | D:8      | Reached * piety under Hepliaklqana
  7951 | D:8      | Identified a potion of cancellation
  7961 | D:8      | Identified a +0 glaive
  7961 | D:8      | Identified a +0 plate armour
  7972 | D:8      | Reached skill level 5 in Armour
  7972 | D:8      | Reached skill level 6 in Dodging
  7983 | D:8      | Identified a +0 flail
  7983 | D:8      | Identified a +0 leather armour
  7991 | D:8      | Identified a +0 spear
  7991 | D:8      | Identified a +0 ring mail
  8001 | D:8      | Identified a +0 dagger
  8033 | D:8      | Identified a +0 short sword
  8078 | D:8      | Identified a +0 giant club
  8080 | D:8      | Identified a +0 club
  8080 | D:8      | Identified a +1 leather armour of fire resistance
  8090 | D:8      | Reached skill level 6 in Fighting
  8097 | D:8      | Identified a +0 giant club
  8099 | D:8      | Identified a +0 dagger
  8101 | D:8      | Identified a +0 trident
  8101 | D:8      | Identified a +0 chain mail
  8106 | D:8      | Identified a +0 spear
  8106 | D:8      | Identified a +0 dagger
  8106 | D:8      | Identified a +0 robe
  8129 | D:8      | Identified a +0 hand axe
  8129 | D:8      | Identified a +0 chain mail
  8151 | D:8      | Identified a +0 club
  8151 | D:8      | Identified a +0 leather armour
  8190 | D:8      | Identified a +0 trident
  8216 | D:8      | Identified a +0 hand axe
  8249 | D:8      | Reached skill level 10 in Unarmed Combat
  8360 | D:8      | Identified a +0 hand axe
  8360 | D:8      | Identified a +0 ring mail
  8363 | D:8      | Identified a +0 shortbow
  8367 | D:8      | Identified a +0 scimitar
  8367 | D:8      | Identified a +0 plate armour
  8367 | D:8      | Identified a +0 dagger
  8369 | D:8      | Identified a +0 club
  8369 | D:8      | Identified a +0 leather armour
  8381 | D:8      | Reached skill level 6 in Crossbows
  8512 | D:8      | Found a bloodstained altar of Trog.
  8544 | D:8      | Found a stormy altar of Qazlal.
  8546 | D:8      | Found a radiant altar of Vehumet.
  8583 | D:8      | Found a broken altar of Ashenzari.
  8646 | D:9      | Identified a +0 shortbow
  8701 | D:9      | Found a burning altar of Makhleb.
  8701 | D:9      | Noticed a blizzard demon
  8707 | D:9      | Noticed a smoke demon
  8707 | D:9      | Noticed an orange demon
  8739 | D:9      | Identified a +0 dire flail
  8739 | D:9      | Identified a +0 giant club
  8739 | D:9      | Noticed a two-headed ogre
  8745 | D:9      | Killed a two-headed ogre
  8746 | D:9      | Reached skill level 7 in Dodging
  8747 | D:9      | Identified a +0 falchion
  8747 | D:9      | Identified a +0 robe
  8757 | D:9      | Identified a +4 falchion
  8757 | D:9      | Identified a +0 robe
  8757 | D:9      | Identified a +2 long sword
  8757 | D:9      | Identified a +0 robe
  8762 | D:9      | Identified a +5 dagger
  8762 | D:9      | Identified a +0 robe
  8762 | D:9      | Identified a +3 dagger of freezing
  8762 | D:9      | Identified a +0 robe
  8831 | D:9      | Reached XP level 11. HP: 81/81 MP: 11/11
  8840 | D:9      | Found a staircase to the Lair.
  8985 | D:9      | Identified a +0 robe
  8992 | D:9      | Identified a +0 scale mail
  8993 | D:9      | Reached ** piety under Hepliaklqana
  8994 | D:9      | Remembered your ancestor your gay dad as a knight
  8994 | D:9      | Identified a +0 flail
  8994 | D:9      | Identified a +0 kite shield
  8997 | D:9      | Identified 3 potions of invisibility
  8998 | D:9      | Identified 2 potions of might
  9089 | D:9      | Identified a +0 giant club
  9089 | D:9      | Identified a +0 giant club
  9089 | D:9      | Noticed a two-headed ogre
  9092 | D:9      | Killed a two-headed ogre
  9093 | D:9      | Reached skill level 7 in Fighting
  9093 | D:9      | Reached skill level 6 in Armour
  9387 | D:9      | Identified a +0 mace
  9387 | D:9      | Identified a +0 shortbow
  9595 | D:10     | Entered Level 10 of the Dungeon
  9694 | D:10     | Identified a +0 giant club
  9694 | D:10     | Identified a +0 giant club
  9694 | D:10     | Noticed a two-headed ogre
  9698 | D:10     | Killed a two-headed ogre
  9699 | D:10     | Reached skill level 11 in Unarmed Combat
  9714 | D:10     | Identified a +0 whip
  9716 | D:10     | Identified a +0 short sword
  9716 | D:10     | Identified a +0 dagger
  9717 | D:10     | Identified a +0 short sword
  9718 | D:10     | Identified a +0 dagger
  9718 | D:10     | Identified a +0 robe
  9718 | D:10     | Identified a +0 short sword
  9726 | D:10     | Identified a +0 short sword
 10029 | D:10     | Identified a +0 shortbow
 10037 | D:10     | Identified a +0 ring mail
 10065 | D:10     | Identified a +0 dagger
 10065 | D:10     | Identified a +0 robe
 10072 | D:10     | Reached skill level 8 in Dodging
 10227 | D:10     | Identified a +0 troll leather armour
 10267 | D:10     | Identified a +0 shortbow
 10371 | D:10     | Identified a +0 short sword
 10417 | D:11     | Identified a +0 chain mail
 10447 | D:11     | Identified +0 acid dragon scales
 10474 | D:11     | Identified a ring of protection from fire
 10544 | D:11     | Identified a +0 flail
 10546 | D:11     | Identified a +0 dagger
 10546 | D:11     | Identified a +0 robe
 10547 | D:11     | Identified a +0 dagger
 10547 | D:11     | Identified a +0 robe
 10549 | D:11     | Identified a +0 flail of protection
 10549 | D:11     | Identified a +0 leather armour
 10549 | D:11     | Identified a +0 dagger
 10549 | D:11     | Identified a +0 robe
 10554 | D:11     | Reached skill level 7 in Crossbows
 10719 | D:11     | Identified a +0 hand axe
 10719 | D:11     | Identified a +0 animal skin
 10780 | D:11     | Identified a +0 flail
 10780 | D:11     | Identified a +0 kite shield
 10785 | D:11     | Identified a +0 short sword
 10841 | D:11     | Reached skill level 8 in Fighting
 10879 | D:11     | Reached skill level 12 in Unarmed Combat
 10879 | D:11     | Reached XP level 12. HP: 90/90 MP: 12/12
 10890 | D:11     | Identified a +0 flail
 10890 | D:11     | Identified a +0 ring mail
 10893 | D:11     | Identified a +0 dagger of venom
 10893 | D:11     | Identified a +0 robe
 10896 | D:11     | Identified a +0 flail
 10897 | D:11     | Identified a +0 whip
 10897 | D:11     | Identified a +0 dagger
 10897 | D:11     | Identified a +0 robe
 10905 | D:11     | Reached skill level 9 in Dodging
 10934 | D:11     | Identified a scroll of blinking
 10951 | D:11     | Identified a +0 rapier
 10994 | D:11     | Found a staircase to the Orcish Mines.
 11056 | D:12     | Found Fime's Assorted Antiques.
 11068 | D:12     | Identified a +0 troll leather armour
 11069 | D:12     | Reached skill level 7 in Armour
 11079 | D:12     | Bought a pink potion for 31 gold pieces
 11079 | D:12     | Bought a metallic inky potion for 31 gold pieces
 11079 | D:12     | Bought a scroll of identify for 70 gold pieces
 11079 | D:12     | Bought a silvery potion for 31 gold pieces
 11079 | D:12     | Bought a scroll of identify for 70 gold pieces
 11079 | D:12     | Bought a scroll of identify for 70 gold pieces
 11079 | D:12     | Bought a scroll of teleportation for 105 gold pieces
 11079 | D:12     | Identified 6 potions of haste
 11080 | D:12     | Identified 2 potions of attraction
 11081 | D:12     | Identified a potion of mutation
 11083 | D:12     | Bought a scroll of magic mapping for 122 gold pieces
 11083 | D:12     | Bought 3 scrolls of magic mapping for 367 gold pieces
 11109 | D:12     | Reached *** piety under Hepliaklqana
 11160 | D:12     | Identified a potion of berserk rage
 11276 | D:12     | Identified a +0 mace
 11546 | D:12     | Identified a +0 giant club
 11546 | D:12     | Identified a +1 dire flail of venom
 11546 | D:12     | Noticed a two-headed ogre
 11554 | D:12     | Killed a two-headed ogre
 11593 | D:12     | Identified a +0 dagger
 11599 | D:12     | Identified a +0 mace
 11600 | D:12     | Identified a +0 dagger
 11600 | D:12     | Identified a +0 robe
 11770 | D:12     | Identified a +0 giant spiked club
 11770 | D:12     | Identified a +0 giant club
 11770 | D:12     | Noticed a two-headed ogre
 11772 | D:12     | Identified a +0 spear
 11772 | D:12     | Identified a +0 robe
 11772 | D:12     | Noticed an ogre mage
 11773 | D:12     | Identified a +0 giant spiked club
 11775 | D:12     | Killed a two-headed ogre
 11777 | D:12     | Identified a +0 giant spiked club
 11778 | D:12     | Identified a +0 giant spiked club
 11779 | D:12     | Identified a +0 giant club
 11779 | D:12     | Identified a +0 giant club
 11779 | D:12     | Noticed a two-headed ogre
 11781 | D:12     | Identified a +0 giant spiked club
 11784 | D:12     | Identified a +0 giant club
 11784 | D:12     | Identified a +0 giant club
 11784 | D:12     | Noticed a two-headed ogre
 11786 | D:12     | Killed an ogre mage
 11799 | D:12     | Killed a two-headed ogre
 11804 | D:12     | Killed a two-headed ogre
 12044 | D:12     | Identified a +0 troll leather armour
 12068 | D:12     | Identified a +0 rapier
 12123 | D:12     | Noticed a four-headed hydra
 12133 | D:12     | Killed a four-headed hydra
 12134 | D:12     | Reached skill level 8 in Crossbows
 12134 | D:12     | Reached skill level 13 in Unarmed Combat
 12192 | D:12     | Identified a +0 flail
 12192 | D:12     | Identified a +0 kite shield
 12237 | D:12     | Reached **** piety under Hepliaklqana
 12253 | D:12     | Identified a +0 troll leather armour
 12254 | D:12     | Reached skill level 9 in Fighting
 12254 | D:12     | Reached skill level 10 in Dodging
 12383 | D:12     | Identified a +0 hunting sling
 12477 | D:13     | Found a gate leading to a gauntlet.
 12495 | Gauntlet | Entered a Gauntlet
 12495 | Gauntlet | Found a transporter.
 12496 | Gauntlet | Found a runed translucent door.
 12498 | Gauntlet | Found a transporter.
 12500 | Gauntlet | Found a runed translucent door.
 12510 | Gauntlet | Found a transporter.
 12514 | Gauntlet | Found a transporter.
 12526 | Gauntlet | Found a transporter.
 12547 | Gauntlet | Found a transporter.
 12551 | Gauntlet | Found a transporter.
 12555 | Gauntlet | Found a transporter.
 12560 | Gauntlet | Identified a +0 scimitar of flaming
 12586 | Gauntlet | Found a transporter.
 12586 | Gauntlet | Found a transporter.
 12587 | Gauntlet | Identified a +0 dagger
 12587 | Gauntlet | Identified a +0 robe
 12590 | Gauntlet | Found a transporter.
 12590 | Gauntlet | Identified a +0 dagger
 12590 | Gauntlet | Identified a +0 robe
 12627 | Gauntlet | Found a transporter.
 12724 | Gauntlet | HP: 21/93 [sixfirhy (10)]
 12725 | Gauntlet | HP: 8/93 [sixfirhy (10)]
 12725 | Gauntlet | Slain by a sixfirhy

Table legend: (Time is in decaauts)
 A = Elapsed time spent in this place.
 B = Non-inter-level travel time spent in this place.
 C = Inter-level travel time spent in this place.
 D = Time resting spent in this place.
 E = Time spent auto-exploring this place.
 F = Levels seen in this place.
 G = Mean time per level.
                   A        B        C        D        E       F      G
               +--------+--------+--------+--------+--------+-----+--------+
         Total |  12678 |  12275 |    403 |   2639 |   7170 |  16 |  792.4 |
       Dungeon |  11783 |  11389 |    394 |   2495 |   6762 |  13 |  906.4 |
        Temple |    115 |    107 |      8 |      0 |     97 |   1 |  115.0 |
       Ossuary |    549 |    549 |      0 |    144 |    181 |   1 |  549.0 |
      Gauntlet |    229 |    229 |      0 |      0 |    129 |   1 |  229.0 |
               +--------+--------+--------+--------+--------+-----+--------+

Top non-repeatable levels by time:
    D:12: 1415 daAuts
     D:2: 1392 daAuts
     D:8: 1240 daAuts
     D:1: 1138 daAuts
     D:3: 1006 daAuts
     D:9: 965 daAuts
     D:4: 907 daAuts
     D:6: 834 daAuts
    D:10: 802 daAuts
     D:7: 725 daAuts
     D:5: 676 daAuts
    D:11: 659 daAuts
 Ossuary: 549 daAuts
Gauntlet: 229 daAuts
  Temple: 115 daAuts

Table legend:
 A = Kills in this place as a percentage of kills in entire the game.
 B = Kills by you in this place as a percentage of kills by you in the entire game.
 C = Kills by friends in this place as a percentage of kills by friends in the entire game.
 D = Other kills in this place as a percentage of other kills in the entire game.
 E = Experience gained in this place as a percentage of experience gained in the entire game.
 F = Experience gained in this place divided by the number of levels of this place that you have seen.
                   A       B       C       D       E      F
               +-------+-------+-------+-------+-------+----------------------
         Total | 100.0 | 100.0 | 100.0 |   N/A | 100.0 | 1813.8
       Dungeon |  85.7 |  84.6 | 100.0 |   N/A |  99.0 | 2211.0
       Ossuary |  14.3 |  15.4 |   0.0 |   N/A |   1.0 | 277.0
               +-------+-------+-------+-------+-------+----------------------

Skill      XL: |  1  2  3  4  5  6  7  8  9 10 11 12 |
---------------+-------------------------------------+-----
Unarmed Combat | 1 2 3 4 5 6 7 9 10 12 13 | 13.0
Crossbows      | 2 3 4 5 6 7 8 |  8.0
Fighting       | 2 3 4 5 6 8 9 |  9.0
Armour         | 2 4 5 6 7 |  7.7
Shields        | 1 4 |  4.0
Dodging        | 2 5 7 8 10 | 10.0
Spellcasting   | |  1.0
Hexes          | |  2.4

Action                   |  1- 3 |  4- 6 |  7- 9 | 10-12 || total
-------------------------+-------+-------+-------+-------++-------
Melee: Unarmed           |   157 |   107 |   435 |   268 ||   967
       Punch             |       |     1 |       |       ||     1
 Fire: Hand crossbow     |    17 |    14 |    26 |   209 ||   266
Invok: Ancestor Identity |       |       |       |     1 ||     1
       Ancestor Life: Kn |       |       |       |     1 ||     1
Evoke: Wand              |     3 |     7 |    16 |     2 ||    28
  Use: Scroll            |     3 |     2 |    15 |    10 ||    30
 Stab: Distracted        |       |       |       |     1 ||     1
Armor: Robe              |    26 |       |       |       ||    26
       Leather armour    |    18 |    58 |    10 |       ||    86
       Ring mail         |       |       |   126 |    35 ||   161
       Acid dragon scale |       |       |       |    36 ||    36
Dodge: Dodged            |   119 |    80 |   217 |   233 ||   649
Block: Buckler           |       |       |    62 |    57 ||   119

Vanquished Creatures
  A hydra (D:12)
  6 two-headed ogres
  A manticore (D:12)
  A cyclops (D:12)
  A centaur zombie (D:11)
  A kobold demonologist (D:10)
  A gargoyle (D:12)
  A komodo dragon (D:11)
  3 trolls
  Grinder (D:3)
  A hornet (D:10)
  2 shadows
  11 yaks
  A wyvern (D:9)
  Eustachio (D:5)
  2 hogs (D:11)
  A basilisk (D:9)
  5 vampire mosquitoes
  Menkaure (Ossuary)
  2 acid dragons
  A water moccasin (D:5)
  5 orc warriors
  A swamp drake (D:5)
  2 ice beasts
  A sky beast (D:7)
  11 ogres
  4 centaurs
  2 kobold brigands
  A phantom (D:4)
  3 bullfrogs
  2 gnoll sergeants (D:8)
  2 scorpions
  14 wights
  12 howler monkeys
  9 hounds
  12 orc priests
  2 gnoll shamans (D:8)
  3 jellies (D:5)
  A bullfrog skeleton (D:7)
  Terence (D:2)
  An iguana (D:6)
  14 orc wizards
  3 mummies (Ossuary)
  Robin (D:2)
  12 gnolls
  8 adders
  A howler monkey skeleton (D:5)
  2 shadow imps (D:7)
  A white imp (D:6)
  2 ufetubi
  3 worms
  2 dart slugs
  34 orcs
  6 bats
  9 endoplasms
  5 giant cockroaches
  5 gnoll zombies (Ossuary)
  14 goblins
  13 hobgoblins
  7 jackals
  3 quokkas
  9 ball pythons
  4 frilled lizards
  5 gnoll skeletons (Ossuary)
  4 goblin skeletons (Ossuary)
  6 goblin zombies (Ossuary)
  5 hobgoblin skeletons (Ossuary)
  4 hobgoblin zombies (Ossuary)
  9 kobolds
  6 kobold skeletons (Ossuary)
  4 kobold zombies (Ossuary)
  2 orc skeletons (Ossuary)
  4 orc zombies (Ossuary)
  5 rats
  3 rat skeletons (Ossuary)
  2 rat zombies (Ossuary)
351 creatures vanquished.

Vanquished Creatures (collateral kills)
  An ogre mage (D:12)
  A two-headed ogre (D:12)
  A kobold demonologist (D:10)
  3 trolls
  3 yaks (D:11)
  A human (D:11)
  A basilisk (D:9)
  A hog (D:11)
  3 vampire mosquitoes
  An orc warrior (D:8)
  2 ogres
  2 kobold brigands (D:10)
  2 howler monkeys
  An orc wizard (D:8)
  2 orcs
  A kobold (D:10)
26 creatures vanquished.

Vanquished Creatures (others)
  2 ancestors (D:9)
  2 knights
  14 demonic plants (Gauntlet)
  A fungus (D:8)
  A plant (D:8)
  2 withered plants (D:1)
22 creatures vanquished.

Grand Total: 399 creatures vanquished
